| TOP OF THE 1ST |
|
State College Spikes batting - Pitching for Milwaukee (NYP) Brewers : LHP Mike Moffett
|
|
Pitching: LHP Mike Moffett
|
|
|
Batting: RHB Mario Mendoza
|
0-0: Ball 1-0: SINGLE (Groundball, 13S, EV 68.1 MPH) (infield hit)
|
|
Batting: RHB Tim Jobe
|
0-0: Ball 1-0: Ball 2-0: Ball 3-0: Called Strike 3-1: SINGLE (Line Drive, 6MD, EV 95.6 MPH) Mario Mendoza to second Runner from 2nd tries for 3rd, SAFE, throw by CF made to third
|
|
Batting: RHB Kalidas Mishra
|
0-0: Ball 1-0: Swinging Strike 1-1: Called Strike 1-2: Ball 2-2: Ball Passed Ball! Mario Mendoza scores Tim Jobe to second 3-2: Foul Ball, location: 2F 3-2: Base on Balls
|
|
Batting: RHB Sean Tanner
|
0-0: Ball 1-0: Ball 2-0: Called Strike 2-1: Swinging Strike 2-2: Hit by Pitch Tim Jobe to third Kalidas Mishra to second
|
|
Batting: RHB Robby Hickman
|
0-0: Fly out, F7 (Flyball, 7S, EV 71.2 MPH)
|
|
Batting: RHB Tom Tate
|
0-0: Foul Ball, location: 2F 0-1: Ball 1-1: Swinging Strike 1-2: Foul Ball, location: 2F 1-2: Strikes out looking
|
|
Batting: RHB Ben Politi
|
0-0: Ball 1-0: Ball 2-0: Called Strike 2-1: Fielders Choice at 2nd, U6 (Groundball, 6M, EV 103.1 MPH)
|
| Top of the 1st over - 1 run, 2 hits, 0 errors, 3 left on base; State College 1 - Milwaukee (NYP) 0 |
| BOTTOM OF THE 1ST |
|
Milwaukee (NYP) Brewers batting - Pitching for State College Spikes : LHP David Salas
|
|
Pitching: LHP David Salas
|
|
|
Batting: RHB Chris Maul
|
0-0: Ball 1-0: SINGLE (Groundball, 6MD, EV 100.0 MPH) (infield hit)
|
|
Batting: SHB Aaron Neill
|
0-0: Called Strike Chris Maul is caught stealing 2nd base 2-4 0-1: Ball 1-1: Ball 2-1: Fly out, F4 (Popup, 3S, EV 78.8 MPH)
|
|
Batting: RHB Ben Taylor
|
0-0: Reached on error, E4 (Groundball, 34, EV 90.0 MPH)
|
|
Batting: RHB Ryan Miller
|
0-0: Ball 1-0: Foul Ball, location: 2F 1-1: Called Strike 1-2: Ball 2-2: Strikes out looking
|
| Bottom of the 1st over - 0 runs, 1 hit, 1 error, 1 left on base; State College 1 - Milwaukee (NYP) 0 |
| TOP OF THE 2ND |
|
State College Spikes batting - Pitching for Milwaukee (NYP) Brewers : LHP Mike Moffett
|
|
Batting: LHB Jorge Zarazua
|
0-0: Ball 1-0: Ball 2-0: SINGLE (Flyball, 6D, EV 91.2 MPH)
|
|
Batting: SHB Gerardo Macias
|
0-0: Ball 1-0: Fly out, F8 (Flyball, 78S, EV 91.9 MPH)
|
|
Batting: RHB Mario Mendoza
|
0-0: Called Strike 0-1: Ball 1-1: Called Strike 1-2: Ball 2-2: Ball 3-2: Base on Balls Jorge Zarazua to second
|
|
Batting: RHB Tim Jobe
|
0-0: Swinging Strike 0-1: Called Strike 0-2: Strikes out looking
|
|
Batting: RHB Kalidas Mishra
|
0-0: Ball Wild Pitch! Jorge Zarazua to third Mario Mendoza to second 1-0: Called Strike 1-1: Ground out 4-3 (Groundball, 34, EV 103.8 MPH)
|
| Top of the 2nd over - 0 runs, 1 hit, 0 errors, 2 left on base; State College 1 - Milwaukee (NYP) 0 |
| BOTTOM OF THE 2ND |
|
Milwaukee (NYP) Brewers batting - Pitching for State College Spikes : LHP David Salas
|
|
Batting: SHB Sam Bingham
|
0-0: Called Strike 0-1: Ball 1-1: Ball 2-1: Ball 3-1: Foul Ball, location: 2F 3-2: Strikes out swinging
|
|
Batting: SHB Craig Wright
|
0-0: SINGLE (Groundball, 34D, EV 100.0 MPH)
|
|
Batting: RHB Chris Fruit
|
0-0: Called Strike 0-1: Foul Ball, location: 2F 0-2: Ball 1-2: Ball 2-2: Fielders Choice at 2nd, 5-4 (Groundball, 56, EV 89.4 MPH)
|
|
Batting: RHB Eli Valles
|
0-0: Ball 1-0: Ball 2-0: Ball 3-0: Called Strike 3-1: Foul Ball, location: 2F 3-2: Base on Balls Chris Fruit to second
|
|
Batting: SHB Ramon Perez
|
0-0: Ball 1-0: Called Strike 1-1: Foul Ball, location: 2F 1-2: Ball 2-2: Ball 3-2: Base on Balls Chris Fruit to third Eli Valles to second
|
|
Batting: RHB Chris Maul
|
0-0: Ball 1-0: Ball 2-0: Swinging Strike 2-1: Ball 3-1: Fly out, F8 (Flyball, 8RM, EV 94.4 MPH)
|
| Bottom of the 2nd over - 0 runs, 1 hit, 0 errors, 3 left on base; State College 1 - Milwaukee (NYP) 0 |
| TOP OF THE 3RD |
|
State College Spikes batting - Pitching for Milwaukee (NYP) Brewers : LHP Mike Moffett
|
|
Batting: RHB Sean Tanner
|
0-0: Foul Ball, location: 2F 0-1: Foul Ball, location: 2F 0-2: Ball 1-2: Strikes out swinging
|
|
Batting: RHB Robby Hickman
|
0-0: Swinging Strike 0-1: Called Strike 0-2: Foul Ball, location: 2F 0-2: Strikes out swinging
|
|
Batting: RHB Tom Tate
|
0-0: Ball 1-0: Ball 2-0: Ground out 5-3 (Groundball, 56, EV 91.2 MPH)
|
| Top of the 3rd over - 0 runs, 0 hits, 0 errors, 0 left on base; State College 1 - Milwaukee (NYP) 0 |
| BOTTOM OF THE 3RD |
|
Milwaukee (NYP) Brewers batting - Pitching for State College Spikes : LHP David Salas
|
|
Batting: SHB Aaron Neill
|
0-0: Swinging Strike 0-1: SINGLE (Groundball, 5S, EV 94.4 MPH)
|
|
Batting: RHB Ben Taylor
|
0-0: Ball 1-0: Ball 2-0: Ball 3-0: Base on Balls Aaron Neill to second
|
|
Batting: RHB Ryan Miller
|
0-0: Swinging Strike 0-1: Ball 1-1: SINGLE (Groundball, 13, EV 83.1 MPH) (infield hit) Aaron Neill to third Ben Taylor to second
|
|
Batting: SHB Sam Bingham
|
0-0: Ball Wild Pitch! Aaron Neill scores Ben Taylor to third Ryan Miller to second 1-0: Called Strike 1-1: Swinging Strike 1-2: Strikes out swinging
|
|
Batting: SHB Craig Wright
|
0-0: Ball 1-0: Fly out, F8 (Flyball, 78M, EV 88.8 MPH)
|
|
Batting: RHB Chris Fruit
|
0-0: Ball 1-0: Fly out, F8 (Flyball, 8RM, EV 92.5 MPH)
|
| Bottom of the 3rd over - 1 run, 2 hits, 0 errors, 2 left on base; State College 1 - Milwaukee (NYP) 1 |
| TOP OF THE 4TH |
|
State College Spikes batting - Pitching for Milwaukee (NYP) Brewers : LHP Mike Moffett
|
|
Batting: RHB Ben Politi
|
0-0: Ball 1-0: Ball 2-0: Ground out 4-3 (Groundball, 4MS, EV 78.1 MPH)
|
|
Batting: LHB Jorge Zarazua
|
0-0: Foul Ball, location: 2F 0-1: Swinging Strike 0-2: Ball 1-2: Strikes out swinging
|
|
Batting: SHB Gerardo Macias
|
0-0: Called Strike 0-1: Ball 1-1: Ball 2-1: Called Strike 2-2: TRIPLE (Flyball, 9LD, EV 96.9 MPH)
|
|
Batting: RHB Mario Mendoza
|
0-0: TRIPLE (Line Drive, 89XD, EV 103.1 MPH) Gerardo Macias scores
|
|
Batting: RHB Tim Jobe
|
0-0: Ball 1-0: Ball Wild Pitch! Mario Mendoza scores 2-0: SINGLE (Groundball, 6MD, EV 94.4 MPH)
|
|
Batting: RHB Kalidas Mishra
|
0-0: Ball 1-0: Ball 2-0: Ball 3-0: Base on Balls Tim Jobe to second
|
|
Pitching: LHP Paul Schumacher
|
|
|
Batting: RHB Sean Tanner
|
0-0: Called Strike 0-1: Ball 1-1: Foul Ball, location: 2F 1-2: Ball 2-2: Hit by Pitch Tim Jobe to third Kalidas Mishra to second
|
|
Batting: RHB Robby Hickman
|
0-0: Foul Ball, location: 2F 0-1: Swinging Strike 0-2: Ball 1-2: Ball 2-2: Ball 3-2: Fly out, F8 (Flyball, 8RXD, EV 103.1 MPH)
|
| Top of the 4th over - 2 runs, 3 hits, 0 errors, 3 left on base; State College 3 - Milwaukee (NYP) 1 |
| BOTTOM OF THE 4TH |
|
Milwaukee (NYP) Brewers batting - Pitching for State College Spikes : LHP David Salas
|
|
Batting: RHB Eli Valles
|
0-0: Foul Ball, location: 2F 0-1: Ball 1-1: Ground out 4-3 (Groundball, 4, EV 88.1 MPH)
|
|
Batting: SHB Ramon Perez
|
0-0: Called Strike 0-1: Swinging Strike 0-2: Foul Ball, location: 2F 0-2: Strikes out swinging
|
|
Batting: RHB Chris Maul
|
0-0: Ball 1-0: Foul Ball, location: 2F 1-1: SINGLE (Groundball, 56, EV 106.2 MPH) (infield hit)
|
|
Batting: SHB Aaron Neill
|
Pickoff Play to 1st, Runner tries for 2nd, OUT after rundown.
|
| Bottom of the 4th over - 0 runs, 1 hit, 0 errors, 0 left on base; State College 3 - Milwaukee (NYP) 1 |
| TOP OF THE 5TH |
|
State College Spikes batting - Pitching for Milwaukee (NYP) Brewers : LHP Paul Schumacher
|
|
Batting: RHB Tom Tate
|
0-0: Called Strike 0-1: Foul Ball, location: 2F 0-2: Foul Ball, location: 2F 0-2: Ball 1-2: Strikes out swinging
|
|
Batting: RHB Ben Politi
|
0-0: Swinging Strike 0-1: Ground out U3 (Groundball, 34S, EV 86.9 MPH)
|
|
Batting: LHB Jorge Zarazua
|
0-0: Called Strike 0-1: Called Strike 0-2: Ball 1-2: Strikes out swinging
|
| Top of the 5th over - 0 runs, 0 hits, 0 errors, 0 left on base; State College 3 - Milwaukee (NYP) 1 |
| BOTTOM OF THE 5TH |
|
Milwaukee (NYP) Brewers batting - Pitching for State College Spikes : LHP David Salas
|
|
Batting: SHB Aaron Neill
|
0-0: SOLO HOME RUN (Flyball, 7D, EV 99.4 MPH), Distance : 389 ft
|
|
Batting: RHB Ben Taylor
|
0-0: Ground out 6-3 (Groundball, 6, EV 86.9 MPH)
|
|
Batting: RHB Ryan Miller
|
0-0: Ground out 5-3 (Groundball, 56, EV 103.1 MPH)
|
|
Batting: SHB Sam Bingham
|
0-0: Ball 1-0: Called Strike 1-1: Ball 2-1: Called Strike 2-2: Foul Ball, location: 2F 2-2: Ground out 6-3 (Groundball, 6, EV 104.4 MPH)
|
| Bottom of the 5th over - 1 run, 1 hit, 0 errors, 0 left on base; State College 3 - Milwaukee (NYP) 2 |
| TOP OF THE 6TH |
|
State College Spikes batting - Pitching for Milwaukee (NYP) Brewers : LHP Paul Schumacher
|
|
Batting: SHB Gerardo Macias
|
0-0: Foul Ball, location: 2F 0-1: Called Strike 0-2: Foul Ball, location: 2F 0-2: Ball 1-2: Foul Ball, location: 2F 1-2: Ball 2-2: Foul Ball, location: 2F 2-2: Strikes out swinging
|
|
Batting: RHB Mario Mendoza
|
0-0: Called Strike 0-1: Ball 1-1: Swinging Strike 1-2: Ball 2-2: Strikes out looking
|
|
Pitching: RHP Sho Sekine
|
|
|
Batting: RHB Tim Jobe
|
0-0: Ball 1-0: Ball 2-0: Ball 3-0: Called Strike 3-1: Base on Balls
|
|
Batting: RHB Kalidas Mishra
|
0-0: Ball 1-0: Ball 2-0: Ball 3-0: Base on Balls Tim Jobe to second
|
|
Batting: RHB Sean Tanner
|
0-0: Ball 1-0: Ball 2-0: Ball 3-0: Base on Balls Tim Jobe to third Kalidas Mishra to second
|
|
Batting: RHB Robby Hickman
|
0-0: Foul Ball, location: 2F 0-1: Foul Ball, location: 2F 0-2: Ball 1-2: Strikes out swinging
|
| Top of the 6th over - 0 runs, 0 hits, 0 errors, 3 left on base; State College 3 - Milwaukee (NYP) 2 |
| BOTTOM OF THE 6TH |
|
Milwaukee (NYP) Brewers batting - Pitching for State College Spikes : LHP David Salas
|
|
Batting: SHB Craig Wright
|
0-0: Swinging Strike 0-1: Ball 1-1: DOUBLE (Flyball, 78D, EV 99.4 MPH)
|
|
Pitching: RHP Jeremy Bonita
|
|
|
Batting: RHB Chris Fruit
|
0-0: Called Strike 0-1: Ball 1-1: Foul Ball, location: 2F 1-2: Ball 2-2: Ball 3-2: Foul Ball, location: 2F 3-2: Ground out 4-3 (Groundball, 4S, EV 79.4 MPH) Craig Wright to third
|
|
Pinch Hitting: LHB Umar Matoub
|
0-0: Ball 1-0: Called Strike 1-1: Ball 2-1: Ball 3-1: Foul Ball, location: 2F 3-2: Base on Balls
|
|
Batting: SHB Ramon Perez
|
0-0: Foul Ball, location: 2F 0-1: Swinging Strike 0-2: Ball 1-2: Foul Ball, location: 2F 1-2: Strikes out swinging
|
|
Batting: RHB Chris Maul
|
0-0: Ball 1-0: Ball 2-0: Ball 3-0: Called Strike 3-1: Base on Balls Umar Matoub to second
|
|
Batting: SHB Aaron Neill
|
0-0: Ball 1-0: Called Strike 1-1: Fielders Choice at 2nd, 6-4 (Groundball, 6, EV 84.4 MPH)
|
| Bottom of the 6th over - 0 runs, 1 hit, 0 errors, 3 left on base; State College 3 - Milwaukee (NYP) 2 |
| TOP OF THE 7TH |
|
State College Spikes batting - Pitching for Milwaukee (NYP) Brewers : RHP Sho Sekine
|
|
Now in RF: Sal Burgos
|
|
|
Batting: RHB Tom Tate
|
0-0: Called Strike 0-1: Ground out 6-3 (Groundball, 6, EV 106.2 MPH)
|
|
Batting: RHB Ben Politi
|
0-0: Ball 1-0: Swinging Strike 1-1: Ball 2-1: Ball 3-1: Base on Balls
|
|
Batting: LHB Jorge Zarazua
|
0-0: Ball 1-0: Ball 2-0: Swinging Strike 2-1: Ball 3-1: Swinging Strike 3-2: Foul Ball, location: 2F 3-2: Strikes out swinging
|
|
Pitching: RHP Allen Gans
|
|
|
Batting: SHB Gerardo Macias
|
0-0: Called Strike Ben Politi is caught stealing 2nd base 2-6
|
| Top of the 7th over - 0 runs, 0 hits, 0 errors, 0 left on base; State College 3 - Milwaukee (NYP) 2 |
| BOTTOM OF THE 7TH |
|
Milwaukee (NYP) Brewers batting - Pitching for State College Spikes : RHP Jeremy Bonita
|
|
Batting: RHB Ben Taylor
|
0-0: Ball 1-0: SINGLE (Groundball, 56D, EV 108.8 MPH)
|
|
Batting: RHB Ryan Miller
|
0-0: Called Strike 0-1: Ball 1-1: Ball 2-1: Fly out, F8 (Flyball, 8LD, EV 100.6 MPH)
|
|
Batting: SHB Sam Bingham
|
0-0: Ball 1-0: Foul Ball, location: 2F 1-1: Foul Ball, location: 2F 1-2: Strikes out swinging
|
|
Batting: SHB Craig Wright
|
0-0: Called Strike 0-1: Ball 1-1: Ball 2-1: Foul Ball, location: 2F 2-2: SINGLE (Groundball, 56S, EV 66.2 MPH) (infield hit) Ben Taylor to second
|
|
Batting: RHB Chris Fruit
|
0-0: Called Strike 0-1: Called Strike 0-2: SINGLE (Flyball, 4D, EV 96.2 MPH) Ben Taylor to third Craig Wright to second Runner from 3rd tries for Home, SAFE, throw by RF to home
|
|
Pinch Runner at 2nd Dustin Pryor:
|
|
|
Batting: LHB Sal Burgos
|
0-0: Ball 1-0: Called Strike 1-1: Ground out 4-3 (Groundball, 34, EV 103.1 MPH)
|
| Bottom of the 7th over - 1 run, 3 hits, 0 errors, 2 left on base; State College 3 - Milwaukee (NYP) 3 |
| TOP OF THE 8TH |
|
State College Spikes batting - Pitching for Milwaukee (NYP) Brewers : RHP Allen Gans
|
|
Now at 2B: Chris Maul
|
|
|
Now at SS: Rick Campbell
|
|
|
Batting: SHB Gerardo Macias
|
0-0: Called Strike 0-1: Swinging Strike 0-2: Ball 1-2: Ball 2-2: Foul Ball, location: 2F 2-2: Ball 3-2: Foul Ball, location: 2F 3-2: Base on Balls
|
|
Pinch Hitting: LHB Travis Ruppel
|
0-0: Called Strike 0-1: Called Strike 0-2: Foul Ball, location: 2F 0-2: Ball 1-2: DOUBLE (Flyball, 7LD, EV 113.8 MPH) Gerardo Macias to third Runner from 3rd tries for Home, SAFE, no throw by LF
|
|
Batting: RHB Tim Jobe
|
0-0: Called Strike 0-1: SINGLE (Groundball, 56D, EV 96.9 MPH) Travis Ruppel to third Runner from 3rd tries for Home, SAFE, throw by LF to home
|
|
Batting: RHB Kalidas Mishra
|
0-0: Called Strike 0-1: Foul Ball, location: 2F 0-2: Ball 1-2: Ball Tim Jobe is caught stealing 2nd base 2-4 2-2: Strikes out swinging
|
|
Batting: RHB Sean Tanner
|
0-0: Called Strike 0-1: Ball 1-1: Ground out 6-3 (Groundball, 6, EV 91.9 MPH)
|
| Top of the 8th over - 2 runs, 2 hits, 0 errors, 0 left on base; State College 5 - Milwaukee (NYP) 3 |
| BOTTOM OF THE 8TH |
|
Milwaukee (NYP) Brewers batting - Pitching for State College Spikes : RHP Jeremy Bonita
|
|
Pitching: RHP Pabiyan Vetlitsky
|
|
|
Now at 2B: Bernard Claude
|
|
|
Batting: SHB Ramon Perez
|
0-0: Ball 1-0: Called Strike 1-1: Ball 2-1: Called Strike 2-2: Foul Ball, location: 2F 2-2: Strikes out swinging, 2-3 out at first.
|
|
Batting: RHB Chris Maul
|
0-0: SINGLE (Groundball, 56D, EV 98.8 MPH)
|
|
Batting: SHB Aaron Neill
|
0-0: Swinging Strike 0-1: Ball 1-1: Ball 2-1: Fielders Choice at 2nd, 3-6 (Groundball, 3, EV 76.2 MPH)
|
|
Batting: RHB Ben Taylor
|
0-0: Foul Ball, location: 2F 0-1: Foul Ball, location: 2F 0-2: Ball 1-2: Strikes out swinging
|
| Bottom of the 8th over - 0 runs, 1 hit, 0 errors, 1 left on base; State College 5 - Milwaukee (NYP) 3 |
| TOP OF THE 9TH |
|
State College Spikes batting - Pitching for Milwaukee (NYP) Brewers : RHP Allen Gans
|
|
Pitching: RHP Alejandro Souto
|
|
|
Batting: RHB Robby Hickman
|
0-0: Swinging Strike 0-1: Foul Ball, location: 2F 0-2: Ball 1-2: Ball 2-2: Foul Ball, location: 2F 2-2: Ball 3-2: Foul Ball, location: 2F 3-2: Foul Ball, location: 2F 3-2: Base on Balls
|
|
Batting: RHB Tom Tate
|
0-0: Called Strike Robby Hickman steals 2nd base 0-1: Ball 1-1: Ball 2-1: Foul Ball, location: 2F 2-2: 2-RUN HOME RUN (Flyball, 7D, EV 98.1 MPH), Distance : 371 ft
|
|
Batting: RHB Ben Politi
|
0-0: Ground out 4-3 (Groundball, 4, EV 85.6 MPH)
|
|
Batting: LHB Jorge Zarazua
|
0-0: Called Strike 0-1: Ground out 4-3 (Groundball, 4, EV 88.1 MPH)
|
|
Batting: SHB Gerardo Macias
|
0-0: Swinging Strike 0-1: Called Strike 0-2: Strikes out swinging
|
| Top of the 9th over - 2 runs, 1 hit, 0 errors, 0 left on base; State College 7 - Milwaukee (NYP) 3 |
| BOTTOM OF THE 9TH |
|
Milwaukee (NYP) Brewers batting - Pitching for State College Spikes : RHP Pabiyan Vetlitsky
|
|
Batting: RHB Ryan Miller
|
0-0: Ball 1-0: Swinging Strike 1-1: Ball 2-1: Swinging Strike 2-2: Ball 3-2: Base on Balls
|
|
Batting: SHB Sam Bingham
|
0-0: Foul Ball, location: 2F 0-1: Foul Ball, location: 2F 0-2: Ball 1-2: Foul Ball, location: 2F 1-2: Ball 2-2: Strikes out swinging
|
|
Batting: LHB Rick Campbell
|
0-0: Called Strike 0-1: Foul Ball, location: 2F 0-2: Ball 1-2: Ball 2-2: Ball 3-2: Foul Ball, location: 2F 3-2: Fielders Choice at 2nd, 3-6 (Groundball, 3, EV 81.9 MPH)
|
|
Batting: RHB Chris Fruit
|
0-0: Ball 1-0: Foul Ball, location: 2F 1-1: Ball 2-1: DOUBLE (Flyball, 8LXD, EV 93.1 MPH) Rick Campbell to third
|
|
Batting: LHB Sal Burgos
|
0-0: Ball 1-0: Fly out, F9 (Flyball, 9LD, EV 101.9 MPH)
|
| Bottom of the 9th over - 0 runs, 1 hit, 0 errors, 2 left on base; State College 7 - Milwaukee (NYP) 3 |
|